 Dungeon Crawl Stone Soup version 0.19-a0-1365-gb34f4cb (webtiles) character file.

102 Amnesiac the Grave Robber (level 4, -1/24 HPs)
             Began as a Deep Elf Necromancer on Sept 2, 2016.
             Slain by Pikel
             ... wielding a +2 whip of electrocution
              (5 damage)
             ... on level 3 of the Dungeon.
             The game lasted 00:05:24 (1371 turns).

Amnesiac the Grave Robber (Deep Elf Necromancer)    Turns: 1371, Time: 00:05:24

Health: -1/24      AC:  5    Str:  5    XL:     4   Next: 49%
Magic:  3/12       EV: 13    Int: 26    God:
Gold:   60         SH:  0    Dex: 16    Spells: 2 memorised, 8 levels left

rFire  . . .     SeeInvis .     g - +2 dagger (freeze)
rCold  . . .     Gourm    .     a - +0 robe
rNeg   . . .     Faith    .     (no shield)
rPois  .         Spirit   .     (no helmet)
rElec  .         Dismiss  .     (no cloak)
rCorr  .         Reflect  .     f - +2 pair of gloves
MR     +....     Harm     .     (no boots)
Stlth  ++........               (no amulet)
                                n - +6 ring of intelligence
                                e - ring of protection from magic

@: very slightly contaminated
A: no striking features
a: no special abilities


You were on level 3 of the Dungeon.
You were hungry.

You visited 1 branch of the dungeon, and saw 4 of its levels.

You collected 60 gold pieces.

Inventory:

Hand Weapons
 g - a +2 dagger of freezing (weapon)
Armour
 a - a +0 robe (worn)
 f - a +2 pair of gloves (worn)
 m - a +0 plate armour
Jewellery
 e - a ring of protection from magic (left hand)
 n - a +6 ring of intelligence (right hand)
Wands
 p - a wand of paralysis (13/24)
 q - a wand of polymorph (14/24)
Scrolls
 d - 2 scrolls of identify {unknown}
 h - 4 scrolls of remove curse {unknown}
 l - a scroll of fear {unknown}
Potions
 i - a potion of berserk rage {unknown}
 j - a potion of heal wounds {unknown}
 k - a potion of flight {unknown}
 o - a potion of curing
Books
 b - a book of Necromancy

   Spells                             Type                      Level
   a - Pain                           Necromancy                   1
   b - Animate Skeleton               Necromancy                   1
   c - Vampiric Draining              Necromancy                   3
   d - Regeneration                   Charms/Necromancy            3
   e - Animate Dead                   Necromancy                   4
   f - Control Undead                 Necromancy                   4
Comestibles
 c - a bread ration


   Skills:
 - Level 2.4 Dodging
 - Level 2.4 Stealth
 + Level 4.6 Spellcasting
 * Level 6.4 Necromancy


You had 8 spell levels left.
You knew the following spells:

 Your Spells              Type           Power        Failure   Level  Hunger
f - Vampiric Draining     Necr           #####.....   1%          3    ##.....
z - Pain                  Necr           ####         1%          1    None


Dungeon Overview and Level Annotations

Branches:
Dungeon (4/15)
 Temple: D:4-7

Altars:
The Shining One

Shops:
D:4 }

Annotations:
D:3 Pikel


Message History

There is a stone staircase leading up, spattered with blood here.
Pikel hits you but does no damage.
You are electrocuted!
* * * LOW HITPOINT WARNING * * *
You climb upwards.
There is a stone staircase leading down here.
Press: ? - help, v - describe, . - travel
Here: Pikel, wielding a whip of electrocution and wearing an embroidered robe The floor.
Unknown command.
You are feeling hungry.
Casting: Vampiric Draining
Confirm with . or Enter, or press ? or * to list all spells.
Aiming: Vampiric Draining
Press: ? - help, Shift-Dir - straight line, f - Pikel
Aim: Pikel, wielding a whip of electrocution and wearing an embroidered robe You miscast Vampiric Draining.
You are very lightly contaminated with residual magic.
You sense a malignant aura.
Pikel hits you with a whip of electrocution.
You die...

####################.##
........@K>...........#
######.##.#########.##
#.##.# #.##.# #.##.#
#.##.# #.##.# #<##.#
#.#


You could see Pikel.

Vanquished Creatures
  A slave (D:4)
  A worker ant (D:4)
  5 adders
  An adder skeleton (D:4)
  2 dart slugs
  2 giant geckos
  3 goblins
  4 hobgoblins (D:1)
  2 jackals (D:2)
  A kobold (D:1)
  2 quokkas (D:2)
  A ball python (D:1)
  A bat (D:2)
  2 giant newts (D:2)
  A jackal skeleton (D:4)
29 creatures vanquished.

Vanquished Creatures (others)
  4 plants (D:4)
4 creatures vanquished.

Grand Total: 33 creatures vanquished

Notes
Turn   | Place    | Note
-------+----------+-------------------------------------------
     0 | D:1      | Amnesiac the Deep Elf Necromancer began the quest for the Orb.
     0 | D:1      | Reached XP level 1. HP: 10/10 MP: 6/6
    36 | D:1      | Reached skill level 5 in Necromancy
   151 | D:1      | Found a glowing golden altar of the Shining One.
   184 | D:1      | Reached XP level 2. HP: 8/15 MP: 3/8
   576 | D:2      | Reached XP level 3. HP: 14/19 MP: 5/10
   581 | D:2      | Learned a level 3 spell: Vampiric Draining
  1062 | D:4      | Reached skill level 6 in Necromancy
  1065 | D:4      | Reached XP level 4. HP: 13/24 MP: 5/12
  1308 | D:4      | Found Paleaross's Gadget Emporium.
  1315 | D:4      | Noticed a slave
  1319 | D:4      | Noticed Pikel
  1319 | D:4      | Noticed a slave
  1319 | D:4      | Noticed a slave
  1320 | D:4      | Noticed a slave
  1358 | D:4      | Killed a slave
  1371 | D:3      | Slain by Pikel

Vault maps used:
D:1:      onia_arrival_mini_spirals, tso_metal_star
D:2:      uniq_jessica
D:3:      first_bread
D:4:      serial_shops, nicolae_shop_window_shopping, tgw_fedhas, uniq_robin,
          uniq_pikel

Skill      XL: |  1  2  3 |
---------------+----------+-----
Necromancy     | 5 6 |  6.4
Spellcasting   | 4 |  4.6
Dodging        | |  2.4
Stealth        | |  2.4

Action                   |  1- 3 |  4- 6 || total
-------------------------+-------+-------++-------
Melee: Dagger            |    41 |    27 ||    68
 Cast: Pain              |    34 |     3 ||    37
       Vampiric Draining |       |     3 ||     3
  Use: Potion            |     1 |       ||     1
  Eat: Chunk             |       |     1 ||     1
Armor: Plate armour      |    51 |       ||    51
       Robe              |       |     2 ||     2
Dodge: Dodged            |     4 |    17 ||    21
